 Dungeon Sprint DCSS version 0.16-a0-3943-gb4b81e6 (webtiles) character file.

793 BluebellGnoll the Evocator (level 7, 9/51 (56) HPs)
             Began as a Deep Dwarf Artificer on Feb 8, 2015.
             Was an Initiate of Vehumet.
             Quit the game in the Dungeon (Sprint II: "The Violet Keep of Menkaure").
             The game lasted 00:11:23 (651 turns).

BluebellGnoll the Evocator (Deep Dwarf Artificer)    Turns: 651, Time: 00:11:24

HP:   9/51 (56)     AC:  5    Str: 15    XL:     7   Next: 57%
MP:   23/23         EV: 12    Int: 14    God:    Vehumet [......]
Gold: 264           SH:  0    Dex: 13    Spells: 0 memorised, 6 levels left

rFire  . . .     SeeInvis .     a - +0 short sword
rCold  . . .     Clarity  .     e - +0 leather armour
rNeg   . . .     SustAb   .     (no shield)
rPois  .         Gourm    .     (no helmet)
rElec  .         Spirit   .     (no cloak)
rCorr  .         Warding  .     (no gloves)
rMut   .         NoTele   +     l - +1 pair of boots {Fly}
MR     +....                    (no amulet)
Stlth  +.........               (no ring)
                                (no ring)

@: flying, non-regenerating, slowed, very slow, somewhat resistant to hostile
enchantments, very unstealthy
A: damage resistance, recharge devices, sense surroundings 1, slow healing 3
a: Device Recharging, Renounce Religion, Stop Flying


You were in the Dungeon.
You worshipped Vehumet.
Vehumet was noncommittal.
You were not hungry.

You visited 1 branch You collected 486 gold pieces.
You spent 222 gold pieces at shops.

Inventory:

Hand weapons
 a - a +0 short sword (weapon)
Armour
 e - a +0 leather armour (worn)
 l - a +1 pair of boots of flying (worn)
Magical devices
 b - a wand of flame (6)
 c - a wand of enslavement (7)
 d - a wand of random effects (14)
 f - a wand of heal wounds (3)
Scrolls
 h - a scroll of identify
 m - a scroll of blinking
Potions
 i - a potion of heal wounds
 j - a potion of haste
 k - 2 potions of magic
Comestibles
 g - a bread ration


   Skills:
 - Level 0.8 Fighting
 - Level 0.8 Short Blades
 - Level 2.1 Dodging
 - Level 1.2 Stealth
 + Level 21.2 Evocations


You had 6 spell levels left.
You didn't know any spells.

Dungeon Overview and Level Annotations

Branches:
Dungeon (1/1)

Altars:
Cheibriados
Dithmenos
Elyvilon
Fedhas
Gozag
Kikubaaqudgha
Makhleb
Nemelex Xobeh
Okawaru
Qazlal
Ru
Sif Muna
Trog
Vehumet
Xom
Yredelemnul
Zin
The Shining One
Beogh
Jiyva
Lugonu

Shops:
D :?:!}[=(=?%*![:*

Annotations:
D exclusion: oklob plant


Innate Abilities, Weirdness & Mutations

You are resistant to damage.
You can recharge devices by infusing magical energy.
You passively map a small area around you.
You do not heal naturally.


Message History

This wand has 6 charges left.
You feel yourself speed up. The wasp stings you!
You feel yourself slow down. The wasp stings you but does no damage.
The yaktaur hits you.
Unknown command.
Evoke which item? (* to show all) (? for menu, Esc to quit)
Zapping:
d - a wand of random effects (15)
Press: ? - help, Shift-Dir - straight line, f - wasp, p - yaktaur
Aim: a wasp The puff of flame hits the wasp.
The wasp is moderately wounded.
This wand has 14 charges left.
The wasp closely misses you. The yaktaur hits you!
* * * LOW HITPOINT WARNING * * *
The wasp stings you but does no damage. The wasp stings you.
You feel as though you will be slow longer.
The yaktaur hits you!
* * * LOW HITPOINT WARNING * * *
Unknown command.
Are you sure you want to abandon this character and quit the game? (Confirm with "yes".)

##...#....###...##▓▓▓▓▓▓▓+ +
* ..#.##......≈≈≈≈≈≈≈≈≈≈≈≈≈.
.#.##§≈..§..≈#(########+###
*
..#≈≈≈≈≈≈≈..≈#........#≈§§#
*
.##≈≈§≈≈≈≈§.≈#._()....#§≈§≈#
##≈≈≈≈≈≈§§≈≈≈#_._._...#§≈§≈§
* ≈
≈≈§≈≈≈≈≈≈≈#._._._..#§§§≈§≈ '
≈§≈≈≈≈≈≈≈#_.yc_._.#{§§≈§ ,
§§≈###≈≈#._@_._._#t§§≈ ≈
,#§≈#.._._._.#≈§§≈ , *
#≈≈#..._._._#≈§§≈ * *
≈≈≈≈##########≈§≈≈ ≈≈
#####≈≈≈≈≈≈≈≈§§≈ *
§###≈########≈ * §##≈ ,, ≈
≈+≈ , *


You could see a yaktaur, a crocodile and a wasp.

Vanquished Creatures
  A siren (D)
  A baby alligator (D)
  3 worker ants (D)
5 creatures vanquished.

Vanquished Creatures (collateral kills)
  A polar bear (D)
  A necrophage (D)
2 creatures vanquished.

Vanquished Creatures (others)
  A yaktaur (D)
  A polar bear (D)
  Menkaure (D)
  2 necrophages (D)
  A worker ant (D)
6 creatures vanquished.

Grand Total: 13 creatures vanquished

Notes
Turn   | Place    | Note
--------------------------------------------------------------
     0 | D        | BluebellGnoll, the Deep Dwarf Artificer, began the quest for the Orb.
     0 | D        | Reached XP level 1. HP: 16/16 MP: 1/1
     1 | D        | Noticed a worker ant
     1 | D        | Noticed a worker ant
    13 | D        | HP: 1/24 [worker ant (5)]
    14 | D        | Killed a worker ant
    14 | D        | Reached skill level 9 in Evocations
    14 | D        | Reached XP level 2. HP: 1/24 MP: 2/5
   264 | D        | Noticed a worker ant
   264 | D        | Noticed a worker ant
   265 | D        | Killed a worker ant
   265 | D        | Reached skill level 10 in Evocations
   265 | D        | Reached XP level 3. HP: 30/30 MP: 8/8
   267 | D        | Killed a worker ant
   267 | D        | Reached skill level 11 in Evocations
   267 | D        | Reached XP level 4. HP: 37/37 MP: 11/11
   273 | D        | Found Giavug's Antique Armour Shop.
   273 | D        | Found Comoj's Magic Scroll Boutique.
   273 | D        | Found Geumm's General Store.
   273 | D        | Found Skiapt's Food Boutique.
   273 | D        | Found Taojat's Distillery.
   273 | D        | Found Ecwued's Book Boutique.
   274 | D        | Found Naofit's Assorted Antiques.
   274 | D        | Found Ravaxai's Jewellery Boutique.
   274 | D        | Found Ocaugg's Antique Weapon Shop.
   275 | D        | Found Vifris' Jewellery Shop.
   275 | D        | Found Bityop's Antique Armour Boutique.
   276 | D        | Noticed a wyvern
   277 | D        | Found Mnarr's Gadget Boutique.
   277 | D        | Noticed Menkaure
   277 | D        | Noticed a wyvern
   278 | D        | Found Briz's Magic Scroll Shop.
   278 | D        | Found Lafotysm's Distillery.
   279 | D        | Noticed a baby alligator
   280 | D        | Found Pheajeqi's Book Boutique.
   280 | D        | Noticed an oklob plant
   280 | D        | Noticed a shining eye
   290 | D        | Bought a scroll of identify for 24 gold pieces
   290 | D        | Found Criacke's Book Shoppe.
   291 | D        | Noticed a shining eye
   319 | D        | Menkaure (ally) was killed
   319 | D        | Your ally died
   337 | D        | Killed a baby alligator
   337 | D        | Reached skill level 16 in Evocations
   337 | D        | Reached XP level 5. HP: 43/43 MP: 13/18
   337 | D        | Reached XP level 6. HP: 50/50 MP: 14/20
   355 | D        | Bought a +1 pair of boots of flying for 198 gold pieces
   376 | D        | Noticed a necrophage
   376 | D        | Noticed a necrophage
   376 | D        | Noticed a necrophage
   376 | D        | Noticed a necrophage
   389 | D        | a necrophage (ally) was killed
   407 | D        | Killed a necrophage
   407 | D        | Reached skill level 17 in Evocations
   423 | D        | a necrophage (ally) was killed
   589 | D        | Killed a worker ant
   596 | D        | Noticed a siren
   610 | D        | Found an opulent altar of Gozag.
   610 | D        | Found a snail-covered altar of Cheibriados.
   611 | D        | Found an ancient bone altar of Kikubaaqudgha.
   611 | D        | Found a glowing silver altar of Zin.
   611 | D        | Found a viscous altar of Jiyva.
   613 | D        | Found a white marble altar of Elyvilon.
   613 | D        | Found a shadowy altar of Dithmenos.
   613 | D        | Found a roughly hewn altar of Beogh.
   613 | D        | Found a sparkling altar of Nemelex Xobeh.
   615 | D        | Found a blossoming altar of Fedhas.
   615 | D        | Found a radiant altar of Vehumet.
   615 | D        | Found a stormy altar of Qazlal.
   617 | D        | Found a burning altar of Makhleb.
   617 | D        | Found a corrupted altar of Lugonu.
   617 | D        | Found a glowing golden altar of the Shining One.
   617 | D        | Found a shimmering altar of Xom.
   617 | D        | Noticed a wasp
   617 | D        | Noticed a polar bear
   618 | D        | Noticed a polar bear
   618 | D        | Noticed a polar bear
   619 | D        | Noticed a yaktaur
   619 | D        | Found a deep blue altar of Sif Muna.
   619 | D        | Found a bloodstained altar of Trog.
   619 | D        | Found a sacrificial altar of Ru.
   619 | D        | Found an iron altar of Okawaru.
   620 | D        | Found a basalt altar of Yredelemnul.
   622 | D        | Noticed a crocodile
   623 | D        | Noticed a crocodile
   624 | D        | Killed a polar bear
   624 | D        | Reached skill level 18 in Evocations
   625 | D        | Became a worshipper of Vehumet
   633 | D        | Killed a siren
   633 | D        | Reached skill level 21 in Evocations
   633 | D        | Reached XP level 7. HP: 19/51 MP: 21/24
   633 | D        | a polar bear (ally) was killed
   645 | D        | a yaktaur (ally) was killed
   647 | D        | Noticed a yaktaur
   647 | D        | a polar bear changed into a yaktaur
   651 | D        | Quit the game

Action                   |  1- 3 |  4- 6 |  7- 9 || total
-------------------------+-------+-------+-------++-------
Melee: Short sword       |     6 |    14 |       ||    20
 Abil: Device Recharging |       |     1 |     1 ||     2
Evoke: Wand              |    10 |    23 |     7 ||    40
  Use: Potion            |     2 |       |       ||     2
 Stab: Paralysed         |       |    14 |       ||    14
